 Dungeon Crawl Stone Soup version 0.31-a0-868-g674d60d6f7 (webtiles) character file.

Game seed: 2507709137348441305

6 avis the Ducker (level 1, 9/9 HPs)
             Began as a Felid Artificer on Oct 11, 2023.
             Got out of the dungeon alive.
             The game lasted 00:02:05 (195 turns).

avis the Ducker (Felid Artificer)                    Turns: 195, Time: 00:02:06

Health: 9/9        AC:  1    Str:  8    XL:     1   Next: 75%
Magic:  2/2        EV: 18    Int: 12    God:
Gold:   0          SH:  0    Dex: 16    Spells: 0/0 levels left
                                        Lives:  0   Deaths: 1

rFire   . . .        (weapon unavailable)
rCold   . . .        (shield unavailable)
rNeg    . . .        (body armour unavailable)
rPois   .            (helmet unavailable)
rElec   .            (cloak unavailable)
rCorr   .            (gloves unavailable)
SInv    +            (boots unavailable)
Will    .....        (no amulet)
Stlth   ++           (no ring)
HPRegen 0.21/turn    (no ring)
MPRegen 0.08/turn

%: no passive effects
@: quick
A: very small, claws 1, fangs 3, see invisible, speed 1, shaggy fur 1, stealthy
paws, no weapons or thrown items, no armour, multi-lived
a: no special abilities


You escaped.
You visited 1 branch of the dungeon, and saw 1 of its levels.

Inventory:

Wands
 a - a wand of flame (15) (quivered)
 b - a wand of charming (15)
 c - a wand of iceblast (5)
Scrolls
 d - a scroll of noise {unknown}


   Skills:
 - Level 1.0 Fighting
 * Level 3.9 Dodging
 - Level 1.3 Stealth
 - Level 3.2 Evocations


You couldn't memorise any spells.
You didn't know any spells.
Your spell library was empty.

Dungeon Overview and Level Annotations

Branches:
Dungeon (1/15)

Altars:


Innate Abilities, Weirdness & Mutations

You have sharp claws.
You have razor-sharp teeth.
You have supernaturally acute eyesight. (SInv)
You cover ground quickly. (Speed+)
You are covered in fur. (AC +1)
Your paws help you pounce on unaware monsters.
You are incapable of wielding weapons or throwing items.
You cannot wear armour.
You gain extra lives every three experience levels.


Message History

You are frozen.
You scratch the endoplasm but do no damage.
The endoplasm is heavily wounded.
The endoplasm freezes you.
You are frozen.
You scratch the endoplasm.
You kill the endoplasm!
You start resting.
HP restored.
A malevolent force fills the Dungeon... and a teleportation trap spontaneously manifests!
You are yanked towards some nearby monsters!
Your surroundings suddenly seem different.
A ball python comes into view.
Found a spear and a coppery potion.
The kobold shouts!
A rat comes into view.
Found 8 gold pieces.
You barely miss the kobold. The kobold hits you with a +0 dagger.
You scratch the kobold.
The kobold is severely wounded.
The kobold barely misses you.
You closely miss the kobold. Your bite misses the kobold.
The kobold is moderately wounded.
The kobold closely misses you.
You barely miss the kobold.
The kobold is moderately wounded.
The kobold hits you with a +0 dagger.
You miss the kobold.
The kobold is moderately wounded.
The kobold hits you with a +0 dagger.
You closely miss the kobold. Your bite misses the kobold.
The kobold is moderately wounded.
The kobold hits you with a +0 dagger.
You die...
You rejoin the land of the living...
There is an open door here.
There is a staircase leading out of the dungeon here.
Alright, then stay!
Unknown command.
You have escaped!

..........#.###........#
#.....................##
......................#
......................##
.......................####
...............###........#
..............##.##.......#
..............#...#.......#
.#............'.@.'.......#
###.#.........#...#.......#
###.#.........##.##....)..#
...............###........#
.####.....................#
# #.....................# #
#.....................#
#.....................#
############..........#


There were no monsters in sight!

Vanquished Creatures
  A dart slug (D:1)
  An endoplasm (D:1)
  A giant cockroach (D:1)
  A rat (D:1)
4 creatures vanquished.

Notes
Turn   | Place    | Note
-------+----------+-------------------------------------------
     0 | D:1      | avis the Felid Artificer began the quest for the Orb.
     0 | D:1      | Reached XP level 1. HP: 9/9 MP: 2/2
   174 | D:1      | Slain by a kobold
   195 | D:$      | Got out of the dungeon alive.

Illustrated notes

Levels and vault maps discovered:
D:1:      dpeg_arrival_shelter, layout_rooms, serial_shops,
          nicolae_shop_window_shopping, shop, minmay_unequal

Action                     || total
---------------------------++-------
  Melee: Unarmed           ||    29
         Bite              ||     2
   Stab: Sleeping          ||     2
 Armour: Skin              ||     8
  Dodge: Dodged            ||    16

Table legend: (Time is in decaauts)
 A = Elapsed time spent in this place.
 B = Non-inter-level travel time spent in this place.
 C = Inter-level travel time spent in this place.
 D = Time resting spent in this place.
 E = Time spent auto-exploring this place.
 F = Levels seen in this place.
 G = Mean time per level.
                   A        B        C        D        E       F      G
               +--------+--------+--------+--------+--------+-----+--------+
         Total |    171 |    156 |     15 |     35 |     24 |   1 |  171.0 |
       Dungeon |    171 |    156 |     15 |     35 |     24 |   1 |  171.0 |
               +--------+--------+--------+--------+--------+-----+--------+

Top non-repeatable levels by time:
     D:1: 171 daAuts
